 Dungeon Crawl Stone Soup version 0.31-a0-193-gdfe2569204 (webtiles) character file.

Game seed: 44125347951485383

46 qw the Shooter (level 3, -1/20 HPs)
             Began as a Deep Elf Hunter on June 23, 2023.
             Slain by a goblin
             ... wielding a +0 club
             ... led by Robin
              (6 damage)
             ... on level 2 of the Dungeon.
             The game lasted 00:00:23 (715 turns).

qw the Shooter (Deep Elf Hunter)                     Turns: 715, Time: 00:00:24

Health: -1/20      AC:  3    Str: 10    XL:     3   Next: 46%
Magic:  5/5        EV: 12    Int: 13    God:
Gold:   53         SH:  0    Dex: 18    Spells: 2/2 levels left

rFire   . . .        Y - +1 shortbow
rCold   . . .        (shield currently unavailable)
rNeg    . . .        c - +0 leather armour
rPois   .            (no helmet)
rElec   .            (no cloak)
rCorr   .            (no gloves)
SInv    .            (no boots)
Will    .....        (no amulet)
Stlth   ++           (no ring)
HPRegen 0.23/turn    (no ring)
MPRegen 0.09/turn

%: no passive effects
@: no status effects
A: no striking features
a: no special abilities


You were on level 2 of the Dungeon.
You visited 1 branch of the dungeon, and saw 2 of its levels.

You collected 53 gold pieces.


   Skills:
 - Level 1.5 Fighting
 + Level 7.0 Ranged Weapons
 - Level 2.4 Dodging
 - Level 1.2 Stealth


You had 2 spell levels left.
You didn't know any spells.
Your spell library was empty.

Inventory:

Hand Weapons
 Y - a +1 shortbow (weapon)
Armour
 c - a +0 leather armour (worn)
Scrolls
 b - a scroll of teleportation {unknown}
Potions
 a - a potion of curing {unknown}
 h - a potion of haste
 i - a potion of resistance {unknown}
 j - a potion of brilliance {unknown}

Dungeon Overview and Level Annotations

Branches:
Dungeon (2/15)

Altars:

Shops:
D:1 [


Message History

Your Ranged Weapons skill increases to level 7!
You shoot an arrow. The arrow closely misses the goblin.
The goblin hits you but does no damage.
You shoot an arrow. The arrow hits the goblin.
You kill the goblin!
Robin of the Strong Arm comes into view.
They are wielding a +0 mace.
The hobgoblin barely misses you.
You shoot an arrow. The arrow hits the hobgoblin!
You kill the hobgoblin!
You hear a shout!
A goblin comes into view. It is wielding a +0 club.
You shoot an arrow.
The arrow hits Robin but does no damage.
Robin roars a battlecry!
The goblin goes into a battle-frenzy!
A goblin comes into view. It is wielding a +0 dagger.
You shoot an arrow. The arrow closely misses Robin.
Robin hits you with a +0 mace.
A goblin comes into view. It is wielding a +0 dagger.
You shoot an arrow. The arrow hits Robin.
Robin is moderately wounded.
Robin hits you with a +0 mace.
You shoot an arrow. The arrow hits Robin.
Robin is heavily wounded.
Robin roars a battlecry!
The goblins go into a battle-frenzy!
The goblin hits you but does no damage.
You shoot an arrow. The arrow hits Robin.
Robin is heavily wounded.
Robin throws the goblin at you! The goblin barely misses you.
The goblin hits you with a +0 dagger. The goblin barely misses you.
You shoot an arrow. The arrow hits Robin.
Robin is heavily wounded.
Robin hits you but does no damage. The goblin barely misses you.
The goblin misses you. x2
You shoot an arrow. The arrow hits Robin!
You kill Robin!
The goblin hits you with a +0 dagger. The goblin barely misses you.
The goblin hits you with a +0 club.
You die...

#.......###.##
...###### #.# #
#.# #.# #.# #.#
#.# ##g####.##
#g@.......
....).g)####.##
.#.####.# ...
##. .# .# .#


You could see 3 goblins.

Vanquished Creatures
  Robin (D:2)
  A dart slug (D:1)
  2 ball pythons (D:1)
  2 endoplasms (D:1)
  A giant cockroach (D:1)
  8 goblins
  8 hobgoblins
  2 jackals (D:1)
  A quokka (D:1)
  6 bats (D:1)
  3 frilled lizards
  A kobold (D:1)
  5 rats (D:1)
41 creatures vanquished.

Notes
Turn   | Place    | Note
-------+----------+-------------------------------------------
     0 | D:1      | qw the Deep Elf Hunter began the quest for the Orb.
     0 | D:1      | Reached XP level 1. HP: 12/12 MP: 3/3
     0 | D:1      | 0 ||| qw: Version: 0.3-a-9-g12657ce
     0 | D:1      | 0 ||| qw: Game counter: 4629
     0 | D:1      | 0 ||| qw: Always use a shield: true
     0 | D:1      | 0 ||| qw: God list: Okawaru
     0 | D:1      | 0 ||| qw: Allow faded altars: false
     0 | D:1      | 0 ||| qw: Do Orc after D:15 true
     0 | D:1      | 0 ||| qw: Do second Lair branch before Depths: true
     0 | D:1      | 0 ||| qw: Lair rune preference: random
     0 | D:1      | 0 ||| qw: Plans: Normal
     0 | D:1      | 0 ||| PLANNING D:1-11
    17 | D:1      | Found Ululytt's Antique Armour Shop.
    32 | D:1      | 32 ||| SHOPLISTING embroidered hat (196 gold, have 0).
    32 | D:1      | 32 ||| SHOPLISTING glowing acid dragon scales (1204 gold,
                  | have 0).
    32 | D:1      | 32 ||| SHOPLISTING pair of boots (126 gold, have 0).
   100 | D:1      | Reached XP level 2. HP: 16/16 MP: 4/4
   136 | D:1      | Reached skill level 6 in Ranged Weapons
   285 | D:1      | 285 ||| FLEEEEING.
   286 | D:1      | 286 ||| FLEEEEING.
   290 | D:1      | 290 ||| FLEEEEING.
   293 | D:1      | 293 ||| FLEEEEING.
   294 | D:1      | 294 ||| FLEEEEING.
   295 | D:1      | 295 ||| FLEEEEING.
   296 | D:1      | 296 ||| FLEEEEING.
   297 | D:1      | 297 ||| FLEEEEING.
   298 | D:1      | 298 ||| FLEEEEING.
   299 | D:1      | 299 ||| FLEEEEING.
   300 | D:1      | 300 ||| FLEEEEING.
   301 | D:1      | 301 ||| FLEEEEING.
   304 | D:1      | 304 ||| FLEEEEING.
   374 | D:1      | Reached XP level 3. HP: 20/20 MP: 5/5
   554 | D:1      | 554 ||| DROPPING amulet of magic regeneration.
   555 | D:1      | 555 ||| READING scroll labelled VEOLIO ILIJU.
   593 | D:1      | 593 ||| READING scroll labelled WIOGED ITREB.
   594 | D:1      | 594 ||| READING scroll labelled IMO OREACIBUCK.
   595 | D:1      | 595 ||| DRINKING 2 fuming purple potions.
   596 | D:1      | 596 ||| DROPPING scroll of butterflies.
   706 | D:2      | Reached skill level 7 in Ranged Weapons
   707 | D:2      | Noticed Robin
   715 | D:2      | Killed Robin
   715 | D:2      | HP: 5/20 [goblin/+0 dagger[Robin] (3)]
   715 | D:2      | Slain by a goblin

Levels and vault maps discovered:
D:1:      minmay_arrival_arboretum_small, layout_basic, serial_shops, shop
D:2:      layout_loops_ring, uniq_robin

Skill      XL: |  1  2  3 |
---------------+----------+-----
Ranged Weapons | 6 7 |  7.0
Fighting       | |  1.5
Dodging        | |  2.4
Stealth        | |  1.2

Action                     || total
---------------------------++-------
   Fire: Shortbow          ||    86
    Use: Scroll            ||     3
         Potion            ||     1
 Armour: Leather armour    ||     8
  Dodge: Dodged            ||    28

Table legend:
 A = Non-vault XP
 B = Vault XP
 C = Vault XP percentage of total XP
 D = Non-vault monster count
 E = Vault monster count
 F = Vault count percentage of total count
                 A         B        C        D         E       F
            +---------+---------+-------+---------+---------+-------
      Total |      56 |      27 |  32.5 |      34 |       7 |  17.1
            +---------+---------+-------+---------+---------+-------
        D:1 |      53 |       0 |   0.0 |      32 |       0 |   0.0
        D:2 |       3 |      27 |  90.0 |       2 |       7 |  77.8
            +---------+---------+-------+---------+---------+-------
